 Dungeon Sprint DCSS version 0.29-a0-330-g52719c12eb (webtiles) character file.

Game seed: 8625197572357956636

274785 jt the Imperceptible (level 12, 80/80 HPs)
             Began as an Octopode Enchanter on May 7, 2022.
             Was an Initiate of Gozag.
             Escaped with the Orb!
             The game lasted 00:24:49 (2806 turns).

jt the Imperceptible (Octopode Enchanter)           Turns: 2806, Time: 00:24:49

Health: 80/80      AC: 12    Str:  5    XL:     12   Next: 83%
Magic:  32/32      EV: 21    Int: 19    God:    Gozag
Gold:   2764       SH:  5    Dex: 22    Spells: 7/31 levels left

rFire   + + .      SeeInvis +   a - +2 dagger (drain)
rCold   + . .      Faith    .   P - +0 buckler
rNeg    . . .      Spirit   .   (helmet restricted)
rPois   .          Reflect  .   r - amulet of regeneration
rElec   .          Harm     .   H - ring of wizardry
rCorr   .          Rampage  .   y - ring of protection from cold
Will    .....      NoTele   +   C - +4 ring of protection
Stlth   ++++......              G - ring of see invisible
HPRegen 1.03/turn               M - +4 ring of protection
MPRegen 0.23/turn               b - ring of fire
                                N - ring of Hyrromir {rF+ Dex+6 Slay+3}
                                p - ring of magical power

@: mighty, gold aura, hasted, very quick
A: almost no armour, amphibious, 8 rings, camouflage 1, gelatinous body 1,
(nimble swimmer 1), tentacles, iridescent scales 1, cold resistance 1, frail 1,
low MP 1, screaming 1, shaggy fur 1, inhibited regeneration, weak 1
0: Orb of Zot
a: Renounce Religion, Potion Petition, Call Merchant, Bribe Branch


You escaped.
You worshipped Gozag.
Gozag was most pleased with you.
You visited 1 branch You collected 8906 gold pieces.
You spent 5362 gold pieces at shops.
You paid 780 gold pieces to Gozag.

Inventory:

Hand Weapons
 a - a +2 dagger of draining (weapon)
 g - a +2 dagger of venom
 j - a +5 club
 o - a +0 dagger of venom
 q - a +0 shortbow
Missiles
 d - 4 boomerangs of dispersal (quivered)
 t - 82 stones
 O - a curare-tipped dart
 Q - 6 boomerangs
Armour
 L - the +3 hat of Pondering {ponderous, Will+ MP+10 Int+5}
   (You bought it in a shop in the Dungeon)

   Int:       It affects your intelligence (+5).
   MP:        It affects your magic capacity (+10).
   Will:      It increases your willpower.
 P - a +0 buckler (worn)
Jewellery
 b - a ring of fire (on tentacle)
 p - a ring of magical power (on tentacle)
 r - an amulet of regeneration (around mantle)
 y - a ring of protection from cold (right tentacle)
 C - a +4 ring of protection (on tentacle)
 G - a ring of see invisible (on tentacle)
 H - a ring of wizardry (left tentacle)
 M - a +4 ring of protection (on tentacle)
 N - the ring of Hyrromir (on tentacle) {rF+ Dex+6 Slay+3}
   (You found it in the Dungeon)

   [ring of dexterity]

   Dex:       It affects your dexterity (+6).
   Slay:      It affects your accuracy & damage with ranged weapons and melee
   (+3).
   rF:        It protects you from fire.
Wands
 i - a wand of digging (4)
 m - a wand of flame (11)
Scrolls
 h - 3 scrolls of blinking
 k - a scroll of fear
 l - 2 scrolls of magic mapping
 n - a scroll of vulnerability
 s - 3 scrolls of fog
 u - 2 scrolls of immolation
 A - 2 scrolls of identify
 D - a scroll of torment
 F - a scroll of silence
 I - a scroll of enchant armour
Potions
 c - 8 potions of curing
 e - 3 potions of haste
 f - 2 potions of magic
 v - a potion of heal wounds
 w - a potion of resistance
 x - a potion of might
 z - a potion of lignification
 B - a potion of cancellation
 E - a potion of brilliance
 J - 2 potions of attraction
 K - a potion of flight


   Skills:
 - Level 10.8 Fighting
 - Level 10.6 Short Blades
 - Level 6.2 Throwing
 - Level 10.9 Dodging
 + Level 25.2 Stealth
 + Level 1.1 Shields
 + Level 10.0 Spellcasting
 - Level 10.9 Hexes
 + Level 2.4 Necromancy
 - Level 10.2 Ice Magic
 + Level 2.5 Earth Magic
 + Level 8.8 Evocations


You had 7 spell levels left.
You knew the following spells:

 Your Spells              Type           Power      Damage    Failure   Level
a - Ensorcelled Hibernat  Hex/Ice        98%        N/A       1%          2
b - Poisonous Vapours     Pois/Air       18%        N/A       6%          2
c - Anguish               Hex/Necr       17%        N/A       2%          4
d - Tukima's Dance        Hex            50%        N/A       1%          3
e - Dazzling Flash        Conj/Hex       60%        N/A       1%          3
f - Apportation           Tloc           18%        N/A       4%          1
g - Borgnjor's Vile Clut  Necr/Erth      9%         N/A       34%         5
h - Dispel Undead         Necr           18%        3d11      14%         4

Your spell library contained the following spells:

 Spells                   Type           Power      Damage    Failure   Level
 Animate Skeleton         Necr           36%        N/A       1%          1
 Confusing Touch          Hex            50%        N/A       1%          3
 Alistair's Intoxication  Tmut/Pois      6%         N/A       69%         5
 Eringya's Noxious Bog    Tmut/Pois      4%         N/A       99%         6


Dungeon Overview and Level Annotations

Branches:
Dungeon (1/1)

Altars:
Cheibriados
Dithmenos
Elyvilon
Fedhas
Gozag
Hepliaklqana
Kikubaaqudgha
Makhleb
Nemelex Xobeh
Okawaru
Qazlal
Ru
Sif Muna
Trog
Uskayaw
Vehumet
Wu Jian
Xom
Yredelemnul
Zin
The Shining One
Jiyva
Lugonu

Shops:
D **??=[:*?:**?!![=([*

Annotations:
D Tiamat


Innate Abilities, Weirdness & Mutations

You cannot wear most types of armour.
You are amphibious.
You can wear up to eight rings at the same time.
Your skin changes colour to match your surroundings (Stealth+).
Your rubbery body absorbs attacks. (AC +1, EV +1)
((You are camouflaged when in or above water. (Stealth+)))
You have tentacles for arms and can constrict up to eight enemies at once.
You are partially covered in iridescent scales. (AC +2)
Your flesh is cold resistant. (rC+)
You are frail. (-10% HP)
Your magical capacity is low. (-10% MP)
You occasionally shout uncontrollably at your foes.
You are covered in fur. (AC +1)
You do not regenerate when monsters are visible.
You are weak. (Str -2)


Message History

The daeva shouts!
The daeva calls down the wrath of the Shining One upon you.
The Shining One smites you!
There is an open door, spattered with blood here.
You see here a +0 great sword of flaming.
You feel a little less mighty now.
There is an open door, spattered with blood here.
An Orb Guardian comes into view.
The Orb Guardian moves out of view.
There is an open door here.
Which direction?
You close the door.
You see here a +0 mace.
There is an open door, spattered with blood here.
There is an open door here.
There is an open door here.
There is a viscous altar of Jiyva here.
There is an open door here.
A sixfirhy comes into view.
There is an open door here.
Things that are here:
a +0 scythe; a +0 robe You feel very mighty all of a sudden.
There is an open door here.
You hear a grinding noise.
There is an open door here.
You puncture the sixfirhy! You grab the sixfirhy.
The sixfirhy is moderately wounded.
You constrict the sixfirhy, but do no damage.
You puncture the sixfirhy! You squeeze the sixfirhy!
The sixfirhy is almost dead.
You constrict the sixfirhy, but do no damage.
You barely miss the sixfirhy. You squeeze the sixfirhy.
You kill the sixfirhy!
Your Shields skill increases to level 1!
Your Spellcasting skill increases to level 10!
You see here a +0 ring mail.
There is an open door here.
There is a staircase leading out of the dungeon here.
You have escaped!

##################
#@.#.['$.#.)'..#__
#..'..#.)'..#..3..
#..#####'#####'#__
#..####..#...#.###
#..#__####..##.#≈§
#..#_____##'#_.'≈§
#⌠⌠#_.∩...'..._#§≈
#..._..__##_.#'##'
#..#_____###'#[#§.


There were no monsters in sight!

Vanquished Creatures
  4 fire giants (D)
  A lorocyproca (D)
  A hydra (D)
  2 centaur warriors (D)
  Sonja (D)
  A sixfirhy (D)
  A deep troll (D)
  A lindwurm (D)
  An oklob plant (D)
  8 shining eyes (D)
  A gargoyle (D)
  2 merfolk sirens (D)
  7 unseen horrors (D)
  4 demonic crawlers (D)
  2 kobold demonologists (D)
  A hellwing (D)
  A meliai (D)
  A hornet (D)
  A slime creature (D)
  A yak (D)
  Sigmund (D)
  13 hogs (D)
  2 redbacks (D)
  7 floating eyes (D)
  An ogre (D)
  7 necrophages (D)
  8 jellies (D)
  Ijyb (D)
  A ballistomycete spore (D)
83 creatures vanquished.

Vanquished Creatures (others)
  A deep elf annihilator (D)
  A ballistomycete spore (D)
2 creatures vanquished.

Grand Total: 85 creatures vanquished

Notes
Turn   | Place    | Note
-------+----------+-------------------------------------------
     0 | D        | jt the Octopode Enchanter began the quest for the Orb.
     0 | D        | Reached XP level 1. HP: 11/11 MP: 3/3
     3 | D        | Noticed Ijyb
     7 | D        | Killed Ijyb
     8 | D        | Reached skill level 9 in Stealth
     8 | D        | Reached XP level 2. HP: 17/17 MP: 5/5
     8 | D        | Reached XP level 3. HP: 21/21 MP: 6/6
    11 | D        | Noticed an ogre
    14 | D        | Killed an ogre
    15 | D        | Reached skill level 13 in Stealth
    15 | D        | Reached XP level 4. HP: 27/27 MP: 7/7
    17 | D        | Noticed Sigmund
    19 | D        | Killed Sigmund
    20 | D        | Reached skill level 17 in Stealth
    20 | D        | Reached XP level 5. HP: 31/31 MP: 8/8
    20 | D        | Reached XP level 6. HP: 36/36 MP: 9/9
    27 | D        | Found a burning altar of Makhleb.
    27 | D        | Found a shimmering altar of Xom.
    27 | D        | Noticed a slime creature
    28 | D        | Found a viscous altar of Jiyva.
    28 | D        | Found a corrupted altar of Lugonu.
    30 | D        | Killed a slime creature
    31 | D        | Reached skill level 19 in Stealth
    31 | D        | Reached XP level 7. HP: 41/41 MP: 10/10
    32 | D        | Found an ornate altar of the Wu Jian Council.
    32 | D        | Found a shimmering blue altar of Sif Muna.
    34 | D        | Found a radiant altar of Vehumet.
    39 | D        | Reached skill level 20 in Stealth
    40 | D        | Found Zerphia's Magic Scroll Emporium.
    40 | D        | Found an ancient bone altar of Kikubaaqudgha.
    40 | D        | Found a hazy altar of Hepliaklqana.
    40 | D        | Found a stormy altar of Qazlal.
    40 | D        | Found a hide-covered altar of Uskayaw.
    40 | D        | Found a blossoming altar of Fedhas.
    40 | D        | Found a bloodstained altar of Trog.
    40 | D        | Found an iron altar of Okawaru.
    40 | D        | Found a basalt altar of Yredelemnul.
    40 | D        | Found a glowing golden altar of the Shining One.
    40 | D        | Found a snail-covered altar of Cheibriados.
    40 | D        | Found a sacrificial altar of Ru.
    40 | D        | Found a glowing silver altar of Zin.
    40 | D        | Found a shadowy altar of Dithmenos.
    40 | D        | Found a white marble altar of Elyvilon.
    40 | D        | Noticed a yak
    41 | D        | Found an opulent altar of Gozag.
    42 | D        | Killed a yak
    43 | D        | Reached skill level 21 in Stealth
    43 | D        | Found a sparkling altar of Nemelex Xobeh.
    47 | D        | Became a worshipper of Gozag Ym Sagoz the Greedy
   129 | D        | Bought a scroll of blinking for 97 gold pieces
   136 | D        | Learned a level 2 spell: Ensorcelled Hibernation
   137 | D        | Noticed Sonja
   141 | D        | Killed Sonja
   142 | D        | Reached XP level 8. HP: 52/52 MP: 10/13
   148 | D        | Noticed a deep troll
   152 | D        | Killed a deep troll
   153 | D        | Reached skill level 5 in Dodging
   153 | D        | Reached skill level 22 in Stealth
   153 | D        | Reached skill level 5 in Hexes
   153 | D        | Reached XP level 9. HP: 58/58 MP: 11/15
   159 | D        | Found Maebumy's Armour Emporium.
   197 | D        | Found Katwegho's General Store.
   205 | D        | Bought a scroll of identify for 24 gold pieces
   205 | D        | Bought an amulet of regeneration for 360 gold pieces
   205 | D        | Bought a scroll of fog for 24 gold pieces
   271 | D        | Noticed a kobold demonologist
   272 | D        | Noticed a kobold demonologist
   274 | D        | Killed a kobold demonologist
   277 | D        | Killed a kobold demonologist
   278 | D        | Reached skill level 5 in Fighting
   278 | D        | Reached skill level 5 in Short Blades
   291 | D        | Noticed a lindwurm
   299 | D        | Killed a lindwurm
   300 | D        | Reached skill level 5 in Spellcasting
   300 | D        | Reached skill level 5 in Ice Magic
   361 | D        | Noticed a centaur warrior
   361 | D        | Noticed a centaur warrior
   364 | D        | Killed a centaur warrior
   365 | D        | Reached XP level 10. HP: 68/68 MP: 18/18
   365 | D        | Killed a centaur warrior
   366 | D        | Reached skill level 5 in Throwing
   374 | D        | Noticed an oklob plant
   376 | D        | Killed an oklob plant
   377 | D        | Reached skill level 23 in Stealth
   506 | D        | Killed an unseen horror
   507 | D        | Reached skill level 1 in Evocations
   535 | D        | HP: 3/71 [something (9)]
   543 | D        | Killed an unseen horror
   573 | D        | Got the Collected Works on Evil Poisoning
   577 | D        | Learned a level 2 spell: Poisonous Vapours
   582 | D        | Learned a level 4 spell: Anguish
   609 | D        | Found Vourph's Jewellery Boutique.
   609 | D        | Found Oleyclej's General Store.
   609 | D        | Found Ysamemna's Weapon Emporium.
   611 | D        | Found Urusoo Defih's Armour Boutique.
   611 | D        | Found Evonuom's Distillery.
   611 | D        | Found Oloenne's Distillery.
   611 | D        | Found Ryloh's Magic Scroll Emporium.
   611 | D        | Found Mity's Assorted Antiques.
   611 | D        | Found Qoppil's General Store.
   611 | D        | Found Ircham's Book Shop.
   614 | D        | Found Imodghof's Magic Scroll Emporium.
   615 | D        | Found Wuamael's General Store.
   615 | D        | Found Nuipre's Book Shoppe.
   616 | D        | Bought a potion of heal wounds for 55 gold pieces
   616 | D        | Bought a potion of heal wounds for 55 gold pieces
   616 | D        | Bought a potion of heal wounds for 55 gold pieces
   616 | D        | Found Qiupon's Antique Armour Shop.
   618 | D        | Bought a scroll of blinking for 82 gold pieces
   619 | D        | Bought a scroll labelled VICYCKOZAR for 27 gold pieces
   619 | D        | Bought a fuming dark potion for 24 gold pieces
   622 | D        | Bought a scroll of blinking for 82 gold pieces
   627 | D        | Bought a potion of curing for 36 gold pieces
   633 | D        | Bought 2 potions of might for 80 gold pieces
   633 | D        | Bought a potion of lignification for 30 gold pieces
   633 | D        | Bought a potion of mutation for 80 gold pieces
   633 | D        | Bought a potion of haste for 100 gold pieces
   633 | D        | Bought a potion of cancellation for 80 gold pieces
   634 | D        | Bought a potion of might for 44 gold pieces
   634 | D        | Bought a potion of haste for 110 gold pieces
   634 | D        | Bought a potion of haste for 110 gold pieces
   635 | D        | Bought a potion of might for 40 gold pieces
   731 | D        | Reached XP level 11. HP: 53/75 MP: 21/21
   767 | D        | Learned a level 3 spell: Tukima's Dance
   771 | D        | Learned a level 3 spell: Dazzling Flash
   891 | D        | Noticed a 12-headed hydra
   893 | D        | Killed a 12-headed hydra
   963 | D        | Bought a ring of fire for 350 gold pieces
   964 | D        | Bought a ring of protection from cold for 350 gold pieces
   965 | D        | Bought a +4 ring of protection for 504 gold pieces
  1083 | D        | Noticed a deep elf annihilator
  1161 | D        | Noticed a daeva
  1174 | D        | Reached skill level 5 in Evocations
  1222 | D        | Reached skill level 24 in Stealth
  1453 | D        | Bought a scroll of identify for 22 gold pieces
  1453 | D        | Bought 3 scrolls of identify for 66 gold pieces
  1458 | D        | Bought a potion of brilliance for 40 gold pieces
  1498 | D        | Noticed a shining eye
  1498 | D        | Noticed a shining eye
  1498 | D        | Noticed a shining eye
  1499 | D        | Noticed a shining eye
  1499 | D        | Noticed a shining eye
  1499 | D        | Noticed a shining eye
  1500 | D        | Noticed a shining eye
  1500 | D        | Noticed a shining eye
  1501 | D        | Killed a shining eye
  1505 | D        | Killed a shining eye
  1505 | D        | Gained mutation: You do not regenerate when monsters are
                  | visible. [a shining eye]
  1507 | D        | Gained mutation: Your magical capacity is low. (-10% MP) [a
                  | shining eye]
  1510 | D        | Gained mutation: You sometimes lose the ability to read
                  | scrolls when taking damage. [a shining eye]
  1513 | D        | Killed a shining eye
  1518 | D        | Gained mutation: You are weak. (Str -2) [a shining eye]
  1520 | D        | Gained mutation: You tend to lose your temper in combat. [a
                  | shining eye]
  1521 | D        | Killed a shining eye
  1524 | D        | Gained mutation: You occasionally shout uncontrollably at
                  | your foes. [a shining eye]
  1528 | D        | Killed a shining eye
  1531 | D        | Reached XP level 12. HP: 86/86 MP: 22/22
  1538 | D        | Gained mutation: Your magical capacity is very low. (-20%
                  | MP) [a shining eye]
  1546 | D        | Reached skill level 10 in Hexes
  1546 | D        | Gained mutation: You are frail. (-10% HP) [a shining eye]
  1560 | D        | Gained mutation: Your spells are a little harder to cast,
                  | but a little more powerful. [a shining eye]
  1568 | D        | Lost mutation: You sometimes lose the ability to read
                  | scrolls when taking damage. [potion of mutation]
  1568 | D        | Lost mutation: Your magical capacity is very low. (-20% MP)
                  | [potion of mutation]
  1568 | D        | Lost mutation: You tend to lose your temper in combat.
                  | [potion of mutation]
  1568 | D        | Lost mutation: Your spells are a little harder to cast, but
                  | a little more powerful. [potion of mutation]
  1568 | D        | Gained mutation: You are covered in fur. (AC +1) [potion of
                  | mutation]
  1568 | D        | Gained mutation: You are partially covered in iridescent
                  | scales. (AC +2) [potion of mutation]
  1568 | D        | Gained mutation: Your flesh is cold resistant. (rC+)
                  | [potion of mutation]
  1606 | D        | Found Baal's Distillery.
  1606 | D        | Found Otrumobb's Jewellery Boutique.
  1606 | D        | Found Anuraat's Assorted Antiques.
  1607 | D        | Found Zuebusmi's Magic Scroll Shop.
  1610 | D        | Bought a scroll of blinking for 97 gold pieces
  1610 | D        | Bought a scroll of holy word for 97 gold pieces
  1610 | D        | Bought a scroll of silence for 97 gold pieces
  1612 | D        | Bought a ring of see invisible for 165 gold pieces
  1620 | D        | Bought a peridot ring for 125 gold pieces
  1620 | D        | Bought a scroll labelled ENERCHO JATT for 25 gold pieces
  1622 | D        | Bought a potion of haste for 130 gold pieces
  1622 | D        | Bought a potion of attraction for 39 gold pieces
  1622 | D        | Bought a potion of curing for 39 gold pieces
  1622 | D        | Bought a potion of might for 52 gold pieces
  1622 | D        | Bought a potion of curing for 39 gold pieces
  1622 | D        | Bought a potion of attraction for 39 gold pieces
  1622 | D        | Bought a potion of flight for 39 gold pieces
  1622 | D        | Bought a potion of curing for 39 gold pieces
  1679 | D        | Bought a scroll of brand weapon for 220 gold pieces
  1684 | D        | Bought a scroll of enchant weapon for 82 gold pieces
  1686 | D        | Bought a scroll of identify for 22 gold pieces
  1722 | D        | Bought the +3 hat of Pondering {ponderous, Will+ MP+10
                  | Int+5} for 533 gold pieces
  1722 | D        | Found the +3 hat of Pondering {ponderous, Will+ MP+10
                  | Int+5}
  1755 | D        | Bought a +4 ring of protection for 396 gold pieces
  1807 | D        | Reached skill level 10 in Dodging
  1872 | D        | Noticed a lorocyproca
  1891 | D        | Killed a lorocyproca
  1892 | D        | Reached skill level 10 in Fighting
  1892 | D        | Reached skill level 10 in Short Blades
  2142 | D        | Bought a book of Party Tricks for 160 gold pieces
  2144 | D        | Learned a level 1 spell: Apportation
  2277 | D        | Identified the ring of Hyrromir {rF+ Dex+6 Slay+3}
  2365 | D        | Noticed a fire giant
  2391 | D        | Killed a fire giant
  2393 | D        | Noticed a fire giant
  2407 | D        | Killed a fire giant
  2408 | D        | Reached skill level 10 in Ice Magic
  2419 | D        | Noticed a fire giant
  2566 | D        | Killed a deep elf annihilator
  2591 | D        | Learned a level 5 spell: Borgnjor's Vile Clutch
  2596 | D        | Learned a level 4 spell: Dispel Undead
  2605 | D        | Noticed a fire giant
  2613 | D        | Killed a fire giant
  2614 | D        | Reached skill level 25 in Stealth
  2614 | D        | Reached skill level 1 in Necromancy
  2614 | D        | Reached skill level 1 in Earth Magic
  2707 | D        | Killed a fire giant
  2736 | D        | Found the +4 dragonskin cloak
  2736 | D        | Noticed Tiamat
  2739 | D        | Got the Orb of Zot
  2766 | D        | Noticed an Orb Guardian
  2800 | D        | Reached skill level 1 in Shields
  2800 | D        | Reached skill level 10 in Spellcasting
  2806 | D        | Escaped with the Orb!

Illustrated notes

Levels and vault maps discovered:
D:        dungeon_sprint_1 [red_sonja_temple_1, red_sonja_temple_small_1]

Skill      XL: |  1  2  3  4  5  6  7  8  9 10 11 12 |
---------------+-------------------------------------+-----
Stealth        | 9 13 17 19 21 22 23 24 25 | 25.2
Fighting       | 3 4 6 7 9 10 | 10.8
Short Blades   | 3 4 5 7 9 10 | 10.6
Dodging        | 4 5 6 7 9 10 | 10.9
Spellcasting   | 3 4 5 7 8 10 | 10.0
Hexes          | 4 5 6 8 9 10 | 10.9
Ice Magic      | 3 4 5 7 9 10 | 10.2
Throwing       | 2 4 6 |  6.2
Evocations     | 2 6 8 |  8.8
Necromancy     | 2 |  2.4
Earth Magic    | 2 |  2.5
Shields        | 1 |  1.1

Action                   |  1- 3 |  4- 6 |  7- 9 | 10-12 || total
-------------------------+-------+-------+-------+-------++-------
Melee: Dagger            |     4 |     2 |    15 |   288 ||   309
       Tentacles         |     1 |       |     1 |   107 ||   109
       Constrict         |     1 |       |       |    27 ||    28
       Punch             |       |       |       |     7 ||     7
Throw: Dart              |       |       |       |     5 ||     5
       Stone             |       |       |       |     1 ||     1
 Cast: Ensorcelled Hiber |       |       |       |    15 ||    15
       Anguish           |       |       |       |     4 ||     4
       Apportation       |       |       |       |     7 ||     7
Invok: Potion Petition   |       |       |       |     1 ||     1
Evoke: Wand              |       |       |     2 |     7 ||     9
  Use: Potion            |     1 |       |     1 |    18 ||    20
       Scroll            |       |       |     1 |    11 ||    12
 Stab: Sleeping          |     2 |     2 |     9 |    36 ||    49
       Invisible         |       |       |     1 |     1 ||     2
       Distracted        |       |       |       |     3 ||     3
Armor: Skin              |       |       |       |    22 ||    22
Dodge: Dodged            |     1 |       |     8 |   132 ||   141

Table legend: (Time is in decaauts)
 A = Elapsed time spent in this place.
 B = Non-inter-level travel time spent in this place.
 C = Inter-level travel time spent in this place.
 D = Time resting spent in this place.
 E = Time spent auto-exploring this place.
 F = Levels seen in this place.
 G = Mean time per level.
                   A        B        C        D        E       F      G
               +--------+--------+--------+--------+--------+-----+--------+
         Total |   2635 |   2112 |    523 |    559 |      0 |   1 | 2635.0 |
       Dungeon |   2635 |   2112 |    523 |    559 |      0 |   1 | 2635.0 |
               +--------+--------+--------+--------+--------+-----+--------+

Top non-repeatable levels by time:
       D: 2635 daAuts
